 Dungeon Crawl Stone Soup version 0.26-b1-32-g5d43845318 (webtiles) character file.

Game seed: 11325014306701312165

66 night the Chopper (level 4, -13/37 HPs)
             Began as a Human Chaos Knight on Jan 11, 2021.
             Was a Plaything of Xom.
             Mangled by a snapping turtle (glowing shapeshifter) (24 damage)
             ... on level 2 of the Dungeon.
             The game lasted 00:02:20 (1200 turns).

night the Chopper (Human Chaos Knight)              Turns: 1200, Time: 00:02:21

Health: -13/37     AC:  5    Str: 13    XL:     4   Next: 37%
Magic:  4/4        EV: 11    Int: 13    God:    Xom [*.....]
Gold:   92         SH:  0    Dex: 12    Spells: 3/3 levels left

rFire    . . .     SeeInvis .   a - +0 hand axe (chaos)
rCold    . . .     Faith    .   (no shield)
rNeg     . . .     Spirit   .   b - +2 leather armour
rPois    .         Reflect  .   (no helmet)
rElec    .         Harm     .   (no cloak)
rCorr    .         Rampage  .   (no gloves)
Will     .....                  (no boots)
Stlth    +.........             (no amulet)
HPRegen  0.12/turn              (no ring)
MPRegen  0.09/turn              (no ring)

@: lethally poisoned (-13 -> -26), very slightly contaminated, invisible
A: no striking features
a: Renounce Religion


You were on level 2 of the Dungeon.
You worshipped Xom.
You were a special plaything of Xom.
You visited 1 branch of the dungeon, and saw 2 of its levels.

You collected 92 gold pieces.

Inventory:

Hand Weapons
 a - a +0 hand axe of chaos (weapon)
Missiles
 d - 6 boomerangs (quivered)
 g - 23 sling bullets
 i - 22 arrows
 m - 27 stones
 o - 18 poisoned darts
Armour
 b - a +2 leather armour (worn)
Jewellery
 c - a +6 ring of strength {unknown}
Scrolls
 e - a scroll of amnesia {unknown}
 f - a scroll of noise {unknown}
 h - a scroll of identify
 j - a scroll of fog {unknown}
 l - a scroll of remove curse {unknown}
Potions
 k - a potion of flight {unknown}
 n - 2 potions of curing {unknown}
 p - a potion of haste


   Skills:
 + Level 3.7 Fighting
 * Level 4.3 Axes
 - Level 2.0 Armour
 - Level 1.0 Dodging


You had 3 spell levels left.
You didn't know any spells.
Your spell library was empty.

Dungeon Overview and Level Annotations

Branches:
Dungeon (2/15)

Altars:
Makhleb


Message History

You hit the kobold. Lightning courses through the kobold!!
You kill the kobold!
You feel sick.
You hit the gnoll.
The gnoll changes into a glowing shapeshifter!
Xom roars with laughter!
The glowing shapeshifter is moderately wounded.
You feel sick.
The glowing shapeshifter changes into a snapping turtle!
You strike the helpless snapping turtle from behind!
You hit the snapping turtle but do no damage.
You feel sick. The snapping turtle closely misses you.
You hit the snapping turtle but do no damage.
You feel sick. The snapping turtle barely misses you.
You hit the snapping turtle but do no damage.
* * * LOW HITPOINT WARNING * * *
You feel sick. The snapping turtle bites you!!
Ouch! That really hurt!
You die...
Xom howls with laughter!

.....?. .
#.....#.#
..8..#.#
8_8.#.#
8.... †$.
#t# #@#
#)# #?#
#.####
#...<#
######


You could see a snapping turtle shaped shifter.

Vanquished Creatures
  2 gnolls (D:2)
  A worm (D:1)
  2 dart slugs (D:1)
  A leopard gecko (D:1)
  5 bats (D:1)
  A giant cockroach (D:1)
  5 goblins
  5 hobgoblins (D:1)
  5 jackals (D:1)
  5 kobolds
  A ball python (D:1)
  5 rats
38 creatures vanquished.

Notes
Turn   | Place    | Note
-------+----------+-------------------------------------------
     0 | D:1      | night the Human Chaos Knight began the quest for the Orb.
     0 | D:1      | Reached XP level 1. HP: 18/18 MP: 1/1
   102 | D:1      | Found a burning altar of Makhleb.
   112 | D:1      | Reached XP level 2. HP: 21/24 MP: 2/2
   192 | D:1      | Reached XP level 3. HP: 22/29 MP: 3/3
   692 | D:1      | Reached skill level 4 in Axes
   859 | D:1      | XOM: noise
   872 | D:1      | XOM: butterfly on damage
   978 | D:1      | XOM: noise
  1006 | D:1      | XOM: god gift: puce potion {god gift}
  1172 | D:2      | XOM: enchant monster (good)
  1173 | D:2      | XOM: potion effect (invisibility)
  1175 | D:2      | XOM: smoke on damage
  1179 | D:2      | Reached XP level 4. HP: 22/36 MP: 4/4
  1180 | D:2      | Found a faded altar of an unknown god.
  1197 | D:2      | Noticed a glowing shapeshifter
  1197 | D:2      | a gnoll changed into a glowing shapeshifter
  1197 | D:2      | Noticed a snapping turtle
  1197 | D:2      | a glowing shapeshifter changed into a snapping turtle
  1200 | D:2      | Mangled by a snapping turtle (glowing shapeshifter)

Illustrated notes

Levels and vault maps discovered:
D:1:      grunt_arrival_crossed_arrows, layout_basic, minmay_hexomino_r4
D:2:      layout_basic, chequers_ecumenical_altar_simple

Skill      XL: |  1  2  3 |
---------------+----------+-----
Axes           | 4 |  4.3
Fighting       | |  3.7
Armour         | |  2.0
Dodging        | |  1.0

Action                   |  1- 3 |  4- 6 || total
-------------------------+-------+-------++-------
Melee: Hand axe          |   102 |    20 ||   122
Throw: Boomerang         |     6 |       ||     6
  Use: Scroll            |     1 |       ||     1
 Stab: Invisible         |     1 |     1 ||     2
       Sleeping          |     1 |       ||     1
       Petrified         |       |     8 ||     8
Armor: Leather armour    |    40 |     3 ||    43
Dodge: Dodged            |    65 |     4 ||    69
